 Dungeon Crawl Stone Soup version 0.14.0-9-g9c5475a (webtiles) character file.

1555 RogerD the Ruffian (level 8, -2/70 HPs)
             Began as a Minotaur Monk on Apr 13, 2014.
             Was a Believer of Dithmenos.
             Slain by a sky beast (5 damage)
             ... on Level 6 of the Dungeon on Apr 14, 2014.
             The game lasted 01:05:55 (5188 turns).

RogerD the Ruffian (Minotaur Monk)                  Turns: 5188, Time: 01:05:59

HP  -2/70        AC  3     Str 18      XL: 8   Next: 33%
MP   0/4         EV 15     Int  7      God: Dithmenos [**....]
Gold 233         SH  0     Dex 13      Spells:  0 memorised,  7 levels left

rFire  x . .     SeeInvis .       - Unarmed
rCold  + . .     Clarity  .     k - +1 robe (curse)
rNeg   . . .     Conserve .     (no shield)
rPois  .         rCorr    .     (helmet restricted)
rElec  .         rRot     .     (no cloak)
SustAb . .       Spirit   +     d - +0 pair of gloves
rMut   .         Warding  .     (no boots)
Saprov . . .     Stasis   .     y - amulet of guardian spirit
MR     .....                    D - ring of flight
                                p - ring of ice

@: lethally poisoned, wreathed by umbra, not resistant to hostile enchantments,
stealthy
A: retaliatory headbutt, horns 2, deformed body
a: Shadow Step, Renounce Religion, Evoke Flight


You were on level 6 of the Dungeon.
You worshipped Dithmenos.
Dithmenos was pleased with you.
You were not hungry.

You visited 2 branches of the dungeon, and saw 7 of its levels.

You collected 233 gold pieces.

Inventory:

Hand weapons
 A - a +0,+0 mace of draining
Missiles
 m - 3 silver darts (quivered)
 q - 12 poisoned needles
Armour
 d - a +0 pair of gloves (worn)
 i - a +3 ring mail
 k - a cursed +1 robe (worn)
 B - a +0 pair of gloves
Magical devices
 a - a wand of random effects (10)
 E - a wand of frost (14)
Comestibles
 b - 4 bread rations
 x - 2 meat rations
 F - a pear
Scrolls
 f - 2 scrolls of noise {unknown}
 h - a scroll of enchant armour {unknown}
 j - 2 scrolls of teleportation
 n - a scroll of fog {unknown}
 u - 2 scrolls of enchant weapon I
 v - 2 scrolls of amnesia {unknown}
 z - 2 scrolls of remove curse {unknown}
Jewellery
 l - an uncursed amulet of resist mutation
 p - a ring of ice (left hand)
 r - an uncursed amulet of the gourmand
 y - an amulet of guardian spirit (around neck)
 D - a ring of flight (right hand)
Potions
 c - a potion of mutation {unknown}
 e - a potion of curing
 o - a potion of degeneration {unknown}
 t - a potion of haste {unknown}
 w - a potion of might {unknown}
Books
 g - a book of Wizardry

   Spells                             Type                      Level
   Summon Elemental                   Summoning                    4
   Agony                              Necromancy                   5
   Force Lance                        Conjuration                  5
   Haste                              Charms                       6
   Invisibility                       Hexes                        6
   Spellforged Servitor               Conjuration/Summoning        7


   Skills:
 + Level 6.0 Fighting
 + Level 2.4 Throwing
 + Level 7.0 Dodging
 + Level 3.5 Stealth
 + Level 7.7 Unarmed Combat
 + Level 0.8 Evocations


You had 7 spell levels left.
You didn't know any spells.

Dungeon Overview and Level Annotations

Branches:
Dungeon (6/15)             Temple (1/1) D:6

Altars:
Ashenzari
Cheibriados
Dithmenos
Elyvilon
Fedhas
Kikubaaqudgha
Makhleb
Okawaru
Trog
Xom
Yredelemnul
Zin
The Shining One

Annotations:
D:5 Eustachio


Innate Abilities, Weirdness & Mutations

You reflexively headbutt those who attack you in melee.
You have a pair of horns on your head.
Armour fits poorly on your strangely shaped body.


Message History

It was a potion of confusion.
Something hits you.
* * * LOW HITPOINT WARNING * * *
Something shocks you!
* * * LOW HITPOINT WARNING * * *
Ouch! Something barely misses you. Something barely misses you.
You feel less confused. Something hits you.
* * * LOW HITPOINT WARNING * * *
Something shocks you!
* * * LOW HITPOINT WARNING * * *
Drink which item? (? for menu, Esc to quit)
That liquid tasted very nasty...
You are lethally poisoned!
It was a potion of poison.
* * * LOW HITPOINT WARNING * * *
You feel sick. Something hits you.
* * * LOW HITPOINT WARNING * * *
Something shocks you.
You die...

#.# #### #.# ...#
#.# ##.# #.#########
##[# #.........#
##.# #########.#
##.# #### #.#
##.##########...####
#.#
##.##...........@..#
#.#
##.##.####.##...##.#
#.####
...........###.#
#.####....#
.....$### #.
#..%......# #####.#
. #..#%..#..# #.# #.
#...#.#..## #.# #
#....>...# #.#
#...#.#..## #.#
#..#...#..#


There were no monsters in sight!

Vanquished Creatures
  2 sky beasts (D:6)
  2 ogres
  Duvessa (D:5)
  3 giant frogs (D:6)
  2 scorpions
  Dowan (D:5)
  3 hounds
  A crimson imp (D:5)
  A jelly (D:5)
  Natasha (thrice) (D:5)
  4 orc wizards
  An iguana (D:5)
  Ijyb (D:2)
  A mummy (D:6)
  A worker ant zombie (D:6)
  5 adders
  An inept feature mimic (D:3)
  A giant mite (D:6)
  2 worms
  An adder skeleton (D:4)
  7 giant geckos
  9 orcs
  9 bats
  8 giant cockroaches
  17 goblins
  13 hobgoblins
  14 kobolds
  A quokka (D:4)
  3 giant newts
  8 jackals
  2 kobold skeletons (D:5)
  11 rats
139 creatures vanquished.

Notes
Turn   | Place    | Note
--------------------------------------------------------------
     0 | D:1      | RogerD, the Minotaur Monk, began the quest for the Orb.
     0 | D:1      | Reached XP level 1. HP: 19/19 MP: 1/1
   127 | D:1      | Reached XP level 2. HP: 27/27 MP: 1/1
   762 | D:2      | Reached XP level 3. HP: 33/33 MP: 2/2
   827 | D:2      | Noticed Ijyb
   841 | D:2      | Killed Ijyb
  1150 | D:2      | Reached skill level 5 in Unarmed Combat
  1325 | D:2      | Reached XP level 4. HP: 39/41 MP: 2/2
  2097 | D:4      | Reached XP level 5. HP: 47/47 MP: 2/2
  2502 | D:4      | Noticed an ogre
  2512 | D:4      | Killed an ogre
  2512 | D:4      | Reached skill level 5 in Dodging
  3152 | D:5      | Entered Level 5 of the Dungeon
  3268 | D:5      | Reached XP level 6. HP: 28/55 MP: 1/3
  3282 | D:5      | Noticed Eustachio
  3334 | D:5      | Found a white marble altar of Elyvilon.
  3354 | D:5      | Noticed Natasha
  3357 | D:5      | Noticed Dowan
  3497 | D:5      | Killed Natasha
  3497 | D:5      | Reached skill level 5 in Fighting
  3592 | D:5      | Noticed Duvessa
  3647 | D:5      | Killed Duvessa
  3647 | D:5      | Reached skill level 6 in Unarmed Combat
  3661 | D:5      | Killed Dowan
  3756 | D:5      | Reached skill level 1 in Throwing
  3773 | D:5      | Noticed Natasha
  3777 | D:5      | Killed Natasha
  3822 | D:4      | Reached XP level 7. HP: 23/61 MP: 2/3
  4072 | D:5      | Noticed Natasha
  4076 | D:5      | Killed Natasha
  4648 | D:6      | Reached skill level 7 in Unarmed Combat
  4678 | D:6      | Reached XP level 8. HP: 32/70 MP: 1/4
  4707 | D:6      | Gained mutation: Armour fits poorly on your strangely shaped body. [mutagenic meat]
  5030 | D:6      | Found a staircase to the Ecumenical Temple.
  5066 | Temple   | Entered the Ecumenical Temple
  5090 | Temple   | Became a worshipper of Dithmenos the Shadowed
  5090 | Temple   | Acquired Dithmenos' first power
  5188 | D:6      | HP: 3/70 [something (1)]
  5188 | D:6      | Slain by a sky beast

Action                   |  1- 3 |  4- 6 |  7- 9 || total
-------------------------+-------+-------+-------++-------
Melee: Unarmed           |   104 |   134 |   156 ||   394
Throw: Dart              |       |    13 |       ||    13
Evoke: Wand              |       |     5 |     4 ||     9
  Use: Scroll            |       |     3 |     2 ||     5
       Potion            |       |     4 |     5 ||     9
 Stab: Sleeping          |     1 |     1 |     4 ||     6
       Distracted        |       |     1 |       ||     1
